 Dungeon Crawl Stone Soup version 0.21-a0-264-g3e31e41 (webtiles) character file.

656 Jeffwins the Gusty (level 7, 0/45 HPs)
             Began as an Octopode Air Elementalist on Sept 10, 2017.
             Slain by Menkaure (21 damage)
             ... on level 5 of the Dungeon.
             The game lasted 00:11:14 (5378 turns).

Jeffwins the Gusty (Octopode Air Elementalist)      Turns: 5378, Time: 00:11:15

Health: 0/45       AC:  1    Str:  8    XL:     7   Next: 55%
Magic:  4/11       EV: 17    Int: 19    God:
Gold:   170        SH:  0    Dex: 12    Spells: 1/11 levels left

rFire    . . .     SeeInvis .   w - +0 spear (venom)
rCold    + . .     Gourm    .   (no shield)
rNeg     . . .     Faith    .   (helmet restricted)
rPois    .         Spirit   .   (no amulet)
rElec    .         Reflect  .   (no ring)
rCorr    .         Harm     .   n - +3 ring of evasion
MR       .....                  p - ring of protection from cold
Stlth    +++.......             (no ring)
HPRegen  0.15/turn              (no ring)
MPRegen  0.12/turn              (no ring)
                                (no ring)
                                (no ring)

@: very slightly contaminated
A: almost no armour, stealthy swim, amphibious, 8 rings, constrict 8, camouflage
1, gelatinous body 1
a: no special abilities


You were on level 5 of the Dungeon.
You were not hungry.

You visited 1 branch of the dungeon, and saw 5 of its levels.

You collected 170 gold pieces.

Inventory:

Hand Weapons
 d - a +1 dagger of venom
 w - a +0 spear of venom (weapon)
Armour
 j - a +0 shield
 x - a +0 leather armour
Jewellery
 n - a +3 ring of evasion (right tentacle)
 p - a ring of protection from cold (on tentacle)
Wands
 v - a wand of clouds (4/9)
Scrolls
 c - 3 scrolls of remove curse
 f - 2 scrolls of teleportation {unknown}
 g - a scroll of fog {unknown}
 i - a scroll of enchant armour {unknown}
 k - a scroll of fear {unknown}
 s - a scroll of random uselessness {unknown}
 t - a scroll of enchant weapon {unknown}
 u - a scroll of blinking {unknown}
 y - a scroll of identify
Potions
 e - 2 potions of curing
 l - a potion of ambrosia {unknown}
 m - a potion of brilliance
 o - 2 potions of mutation
 q - 2 potions of heal wounds
 A - a potion of berserk rage {unknown}
Books
 a - a book of Air

   Spells                             Type                      Level
   a - Shock                          Conjuration/Air              1
   b - Swiftness                      Charms/Air                   2
   c - Static Discharge               Conjuration/Air              3
   d - Airstrike                      Air                          4
   e - Lightning Bolt                 Conjuration/Air              5
Comestibles
 b - 2 bread rations
 z - a meat ration


   Skills:
 - Level 2.2 Fighting
 - Level 3.0 Dodging
 - Level 2.6 Stealth
 - Level 2.7 Spellcasting
 * Level 4.8 Conjurations
 * Level 5.6 Air Magic


You had one spell level left.
You knew the following spells:

 Your Spells              Type           Power        Failure   Level  Hunger
a - Shock                 Conj/Air       ###.         1%          1    None
b - Airstrike             Air            ###.......   16%         4    ####...
c - Lightning Bolt        Conj/Air       ###.......   45%         5    ######.


Dungeon Overview and Level Annotations

Branches:
Dungeon (5/15)
 Temple: D:4-7

Altars:
Cheibriados
Fedhas
Makhleb
Qazlal

Annotations:
D:5 Menkaure


Innate Abilities, Weirdness & Mutations

You cannot wear most types of armour.
You are very stealthy in the water. (Stealth+)
You are amphibious.
You can wear up to eight rings at the same time.
You can use your tentacles to constrict eight enemies at once.
Your skin changes colour to match your surroundings (Stealth+).
Your rubbery body absorbs attacks. (AC +1, EV +1)


Message History

Found 16 gold pieces.
Attack whom?
Press: ? - help, Dir - move target cursor, f/p - Menkaure
Aim: Menkaure (moderately damaged, fast)
You reach to attack!
You barely miss Menkaure.
Menkaure is moderately damaged.
You hit Menkaure. You grab Menkaure. You squeeze Menkaure.
Menkaure is heavily damaged.
You constrict Menkaure. Menkaure closely misses you.
You hit Menkaure but do no damage.
Menkaure is severely damaged.
You constrict Menkaure. Menkaure hits you!!
Ouch! That really hurt!
The ogre appears out of thin air!
Menkaure barely misses you.
The ogre shouts!
You are too injured to fight recklessly!
You hit Menkaure.
Menkaure is severely damaged.
You constrict Menkaure. Menkaure hits you!!
You die...

#.......$..#.#
..........#.#
.!.........
........# .
..O....# ..
#......##...
#.M.........
#.@.........
#.......#.
#...<...#
#......##
#.........
#..#........
#..#.#.#####
.......#
...######


You could see an ogre and Menkaure.

Vanquished Creatures
  An ogre (D:4)
  A water moccasin zombie (D:4)
  A howler monkey (D:4)
  3 orc priests (D:4)
  5 orc wizards
  Ijyb (D:3)
  2 worker ants (D:4)
  Robin (D:2)
  5 adders
  An ooze (D:3)
  An adder skeleton (D:4)
  3 worms
  A dart slug (D:4)
  3 leopard geckos
  13 orcs
  2 giant cockroaches (D:1)
  16 goblins
  14 hobgoblins
  3 jackals (D:3)
  5 quokkas
  A ball python (D:4)
  8 bats
  4 frilled lizards
  8 kobolds
  A leopard gecko zombie (D:3)
  A quokka skeleton (D:4)
  4 rats
109 creatures vanquished.

Notes
Turn   | Place    | Note
-------+----------+-------------------------------------------
     0 | D:1      | Jeffwins the Octopode Air Elementalist began the quest for the Orb.
     0 | D:1      | Reached XP level 1. HP: 11/11 MP: 3/3
   492 | D:1      | Reached XP level 2. HP: 18/18 MP: 1/5
   851 | D:1      | Reached skill level 1 in Fighting
  1097 | D:2      | Reached XP level 3. HP: 22/23 MP: 6/6
  1858 | D:2      | Noticed Robin
  1882 | D:2      | Killed Robin
  1882 | D:2      | Reached XP level 4. HP: 16/28 MP: 0/7
  1981 | D:2      | Learned a level 4 spell: Airstrike
  3014 | D:3      | Reached XP level 5. HP: 15/33 MP: 6/8
  3499 | D:3      | Found a stormy altar of Qazlal.
  3558 | D:3      | Found a snail-covered altar of Cheibriados.
  3608 | D:3      | Found a blossoming altar of Fedhas.
  3646 | D:3      | Noticed Ijyb
  3729 | D:3      | Killed Ijyb
  3729 | D:3      | Reached skill level 4 in Air Magic
  3798 | D:3      | Found a burning altar of Makhleb.
  3798 | D:3      | Noticed a balrug
  3801 | D:3      | Noticed a smoke demon
  3801 | D:3      | Noticed a ynoxinul
  3876 | D:4      | Noticed an ogre
  4112 | D:4      | Noticed an ogre
  4127 | D:4      | Killed an ogre
  4127 | D:4      | Reached XP level 6. HP: 39/39 MP: 1/10
  4139 | D:4      | Learned a level 5 spell: Lightning Bolt
  4599 | D:4      | Reached skill level 5 in Air Magic
  4599 | D:4      | Reached XP level 7. HP: 44/45 MP: 5/11
  5213 | D:5      | Entered Level 5 of the Dungeon
  5213 | D:5      | Noticed Menkaure
  5378 | D:5      | Slain by Menkaure

Vault maps used:
D:1:      erik_arrival_triangle_small
D:2:      uniq_robin
D:3:      makhleb_altar_promises_db, marbit_many_paths,
          lemuel_coloured_pillars_altar, fedhas_altar_3, uniq_ijyb
D:5:      gammafunk_temple_overflow_forgotten, serial_shops, shop, first_bread,
          portal_sewer_entry_a, uniq_menkaure

Skill      XL: |  1  2  3  4  5  6 |
---------------+-------------------+-----
Fighting       | 1 2 |  2.2
Conjurations   | 2 3 4 |  4.8
Air Magic      | 4 5 |  5.6
Dodging        | 3 |  3.0
Stealth        | |  2.6
Spellcasting   | |  2.7

Action                   |  1- 3 |  4- 6 |  7- 9 || total
-------------------------+-------+-------+-------++-------
Melee: Unarmed           |    18 |       |       ||    18
       Constrict         |    18 |    36 |     8 ||    62
       Tentacles         |    11 |    26 |     8 ||    45
       Dagger            |    45 |   127 |       ||   172
       Spear             |       |    16 |    33 ||    49
 Cast: Shock             |    17 |    20 |     6 ||    43
       Airstrike         |       |     3 |     3 ||     6
  Use: Scroll            |       |     5 |       ||     5
       Potion            |       |     3 |       ||     3
 Stab: Sleeping          |     7 |    16 |     1 ||    24
       Invisible         |       |     1 |       ||     1
  Eat: Chunk             |     3 |     9 |     2 ||    14
       Royal jelly       |       |       |     1 ||     1
Armor: Skin              |    14 |     5 |       ||    19
Dodge: Dodged            |    45 |    95 |    21 ||   161

Table legend:
 A = Spawn XP
 B = Non-spawn XP
 C = Spawn XP percentage of total XP
 D = Spawn monster count
 E = Non-spawn monster count
 F = Spawn count percentage of total count
 G = Total turns spent on level
                    A         B        C        D         E        F      G
               +---------+---------+-------+---------+---------+-------+---------
         Total |       0 |     938 |   0.0 |       0 |     109 |   0.0 |  5378
               +---------+---------+-------+---------+---------+-------+---------
           D:1 |       0 |      33 |   0.0 |       0 |      20 |   0.0 |  1078
           D:2 |       0 |      60 |   0.0 |       0 |      23 |   0.0 |  1334
           D:3 |       0 |     207 |   0.0 |       0 |      41 |   0.0 |  1575
           D:4 |       0 |     638 |   0.0 |       0 |      25 |   0.0 |  1379
               +---------+---------+-------+---------+---------+-------+---------
